cohdb
Replays
Latest Replays
All Replays
Popular Replays
Top Player Replays
Match Explorer
How It Works
Community
CoH3 Stats
Reddit
Sign in to upload your games and track your stats! →
Sign in with Steam
Match 45032807
Unlisted
Match 45032807
Overview
Messages
Build Orders
End
250 Light Carrier
Selects Panzerjäger Kommand Battlegroup
Panzerpioneer Squad
250 Light Carrier
Panzerpioneer Squad
Construct Light Support Kompanie
Selects GrB 39 Grenade Launcher Requisition
Panzerjäger Squad
Fire Support Elements
Vehicle Survival Package
250 Light Carrier
Selects Mine Fields
Panzerjäger Mechanized Group
Selects Defensive Positions
Construct Panzerarmee Kommand
MG34 Team
Walking Stuka Rocket Launcher
Combat Half-tracks
Assault Mechanized Group
Selects Butterfly Bomb Drop
Butterfly Bomb Drop
Panzer III L Medium Tank
2.5-tonne Medical Truck
Tungsten Core Ammunition
Butterfly Bomb Drop
Selects Crew Shock Tactics
Panzer III L Medium Tank
Butterfly Bomb Drop
Panzer III L Medium Tank
Butterfly Bomb Drop
Selects Anti-tank Overwatch
Rapid Advance
Panzer III L Medium Tank
Butterfly Bomb Drop
Emergency Repair Kits
DaRtH VaDeRX2020
Gatom
Corel photo
Katujenmies
MakeB
CiCRistoRyti
0
0
Comments
sign in to comment!
No comments posted yet!